 Dungeon Crawl Stone Soup version 0.30-a0-1114-gd936c97349 (webtiles) character file.

Game seed: 7558236593363591732

9 tilp the Digger (level 2, -5/23 HPs)
             Began as a Meteoran Earth Elementalist on Apr 21, 2023.
             Slain by a goblin
             ... wielding a +0 club
             ... led by Robin
              (6 damage)
             ... on level 2 of the Dungeon.
             The game lasted 00:01:51 (252 turns).

tilp the Digger (Meteoran Earth Elementalist)        Turns: 252, Time: 00:01:52

Health: -5/23      AC:  2    Str:  9    XL:     2   Next: 35%
Magic:  15/15      EV: 12    Int: 16    God:
Gold:   27         SH:  0    Dex: 14    Spells: 5/6 levels left

rFire   . . .      SeeInvis .    a - +0 short sword
rCold   . . .      Faith    .    (no shield)
rNeg    . . .      Spirit   .    f - +0 robe
rPois   .          Reflect  .    (no helmet)
rElec   .          Rampage  .    (no cloak)
rCorr   .                        (no gloves)
Will    .....                    (no boots)
Stlth   +                        (no amulet)
HPRegen 0.23/turn                j - ring of magical power
MPRegen 0.14/turn                (no ring)

@: lethally poisoned (-5 -> -19), glowing
A: sense surroundings 1, otherworldly, glowing, explore regen
a: no special abilities


You were on level 2 of the Dungeon.
You visited 1 branch of the dungeon, and saw 2 of its levels.

You collected 27 gold pieces.

Inventory:

Hand Weapons
 a - a +0 short sword (weapon)
Missiles
 e - 5 silver boomerangs
 h - 3 poisoned darts (quivered)
Armour
 f - a +0 robe (worn)
Jewellery
 j - a ring of magical power (left hand)
Potions
 b - a potion of magic
 c - a potion of mutation {unknown}
 i - a potion of lignification {unknown}


   Skills:
 * Level 1.0 Fighting
 + Level 2.5 Dodging
 - Level 1.4 Stealth
 + Level 2.8 Spellcasting
 - Level 1.2 Transmutations
 * Level 3.9 Earth Magic


You had 5 spell levels left.
You knew the following spells:

 Your Spells              Type           Power      Damage    Failure   Level
a - Sandblast             Erth           28%        2d8       3%          1

Your spell library contained the following spells:

 Spells                   Type           Power      Damage    Failure   Level
 Passwall                 Tmut/Erth      8%         N/A       10%         2
 Stone Arrow              Conj/Erth      16%        3d8       26%         3
 Petrify                  Tmut/Erth      10%        N/A       54%         4


Dungeon Overview and Level Annotations

Branches:
Dungeon (2/15) Zot: 941

Altars:

Annotations:
D:2 Robin


Innate Abilities, Weirdness & Mutations

You passively map a small area around you.
You are easily found by Zot.
You glow in the dark.
You regain HP and MP as you explore.


Message History

There is a stone staircase leading down here.
You climb downwards.
There is a stone staircase leading up here.
As you read the scroll labelled XIQOWU EGOGH, it crumbles to dust.
You feel aware of your surroundings.
It was a scroll of magic mapping.
As you read the scroll labelled APRORE NEDOSCH, it crumbles to dust.
You feel strangely unstable.
It was a scroll of teleportation.
Your surroundings suddenly seem different.
Robin, 8 goblins, 5 hobgoblins and a frilled lizard come into view.
Robin is wielding a +1 spear of flaming.
A goblin is wielding a +1 dagger of venom.
Robin shouts!
The hobgoblin shouts! x2; The goblin shouts! x6
The hobgoblin shouts!
The frilled lizard hisses angrily.
The hobgoblin shouts!
The goblin hits you with a +1 dagger of venom.
You are poisoned.
The goblin closely misses you. The goblin hits you with a +0 club.
The goblin unwields a +0 club.
The goblin wields a +0 sling.
The goblin shoots a sling bullet.
The sling bullet completely misses you.
Robin roars a battlecry!
The goblins go into a battle-frenzy!
You aren't carrying any scrolls.
Okay, then.
Unknown command.
Unknown command.
Unknown command.
Unknown command.
The goblin attacks as you move away! The goblin hits you but does no damage.
You feel very sick. The goblin closely misses you.
The goblin barely misses you. The goblin hits you with a +0 club.
Robin hits you but does no damage.
You hit Robin but do no damage.
You feel sick. The goblin hits you with a +0 dagger.
* * * LOW HITPOINT WARNING * * *
The hobgoblin barely misses you.
The goblin hits you with a +1 dagger of venom.
* * * LOW HITPOINT WARNING * * *
You are more poisoned.
The goblin hits you with a +0 dagger.
* * * LOW HITPOINT WARNING * * *
The goblin hits you with a +0 club.
You die...

,*******,*,**,************,,***,,
,,,,,,**,*,**,* *,,,*,,* *,,
,,,,,,,,,*,**,* *,,,*,,* *,,
*****,****,*#,* *,,,*,,* ***
,,,,,,,,,,,*#.* *,,,*,,*
*****,,**####.##* *,,.*,,***** ,*
*,,,,.......######...*,,,,,,,
,****,*,****#..ggg..l....*,,,,,,,
,*,,,,,,* #.gg@gg......**,,,,,,
,*,,,,,,****#.gggg......#**,,,,,,
**,,,,,,,.......gg......# *,,,,,,
******,*######g######### *,,,,,,
*,** #.* *,,,,,, *******,,** #.*
*,,,,,, ,,,,,,,*,,*** #.* *,,,,,,
,,,,,,,**,,,**#.* **,,,,,,
,,,,,,,,,,,,,,,,* ****,,,,,,,


You could see Robin, 5 hobgoblins, 8 goblins and a frilled lizard.

Vanquished Creatures
  A dart slug (D:1)
  A ball python (D:1)
  A giant cockroach (D:1)
  A goblin (D:1)
  A quokka (D:1)
  A kobold (D:1)
6 creatures vanquished.

Notes
Turn   | Place    | Note
-------+----------+-------------------------------------------
     0 | D:1      | tilp the Meteoran Earth Elementalist began the quest for
                  | the Orb.
     0 | D:1      | Reached XP level 1. HP: 14/14 MP: 5/5
    76 | D:1      | Reached XP level 2. HP: 21/22 MP: 3/6
    94 | D:1      | Reached skill level 1 in Fighting
   250 | D:2      | Noticed Robin
   252 | D:2      | HP: 1/23 [goblin/+0 dagger[Robin] (4)]
   252 | D:2      | Slain by a goblin

Illustrated notes

Levels and vault maps discovered:
D:1:      lightli_arrival_boilingwater, layout_loops_cross
D:2:      layout_basic, nicolae_figureground_sparkle, uniq_terence, uniq_robin

Skill      XL: |  1  2 |
---------------+-------+-----
Fighting       | 1 |  1.0
Dodging        | |  2.5
Stealth        | |  1.4
Spellcasting   | |  2.8
Transmutations | |  1.2
Earth Magic    | |  3.9

Action                     || total
---------------------------++-------
  Melee: Short sword       ||     1
   Cast: Sandblast         ||    10
    Use: Scroll            ||     2
 Armour: Robe              ||     3
  Dodge: Dodged            ||     5

Table legend: (Time is in decaauts)
 A = Elapsed time spent in this place.
 B = Non-inter-level travel time spent in this place.
 C = Inter-level travel time spent in this place.
 D = Time resting spent in this place.
 E = Time spent auto-exploring this place.
 F = Levels seen in this place.
 G = Mean time per level.
                   A        B        C        D        E       F      G
               +--------+--------+--------+--------+--------+-----+--------+
         Total |    257 |    257 |      0 |      0 |      0 |   2 |  128.5 |
       Dungeon |    257 |    257 |      0 |      0 |      0 |   2 |  128.5 |
               +--------+--------+--------+--------+--------+-----+--------+

Top non-repeatable levels by time:
     D:1: 250 daAuts
     D:2: 7 daAuts
